[Event "Titled Tuesday Blitz March 22 Early 2022"]
[White "Altman, Joshua"]
[Black "Heinemann, Josefine"]
[WhiteFideId "426210"]
[BlackFideId "12900460"]
[WhiteElo "1945"]
[BlackElo "2300"]
[Result "1-0"]
[Round "07"]
[TimeControl "180+1"]
[Date "2022.03.22"]
[WhiteClock "0:01:14"]
[BlackClock "0:00:06"]

1. d4 Nf6 2. c4 g6 3. Nc3 d5 4. Bg5 Ne4 5. Bh4 Nxc3 6. bxc3 Bg7 7. e3 c5 8. Nf3 O-O 9. cxd5 Qxd5 10. Bxe7 Re8 11. Bxc5 b6 12. Ba3 Bb7 13. Be2 Nd7 14. O-O g5 15. Qb3 Qe4 16. Ne1 Qg6 17. Bf3 Bxf3 18. Nxf3 Rac8 19. Rac1 h5 20. Qd5 g4 21. Nh4 Qe6 22. Qxe6 fxe6 23. Ng6 Kf7 24. Nf4 h4 25. f3 g3 26. hxg3 hxg3 27. Nh5 Rg8 28. Nxg3 Bh6 29. Kf2 Bxe3+ 30. Kxe3 Rxg3 31. Kf2 Rcg8 32. Rg1 Nf6 33. Bd6 R3g6 34. Be5 Nd5 35. c4 Nb4 36. Rcd1 Nc6 37. g4 Rh6 38. Rh1 Rgg6 39. Kg2 Rxh1 40. Rxh1 Nxe5 41. dxe5 Rg7 42. Kg3 Ke7 43. Kf4 Kd7 44. Ke4 Kc6 45. Rh6 Re7 46. f4 Kc5 47. f5 exf5+ 48. gxf5 Kxc4 49. f6 1-0


[Site "https://www.chess.com"]

[Event "Titled Tuesday Blitz March 22 Early 2022"]
[White "Araujo Filho, Luiz Antonio Coel"]
[Black "Janaszak, Dawid"]
[WhiteFideId "2130661"]
[BlackFideId "1119206"]
[WhiteElo "2250"]
[BlackElo "2199"]
[Result "1-0"]
[Round "07"]
[TimeControl "180+1"]
[Date "2022.03.22"]
[WhiteClock "0:00:15"]
[BlackClock "0:00:18"]

1. d4 Nf6 2. Nf3 g6 3. c4 Bg7 4. Nc3 O-O 5. e4 d6 6. Be2 Nbd7 7. O-O e5 8. dxe5 dxe5 9. Qc2 c6 10. Rd1 Qe7 11. Rb1 a5 12. a3 h6 13. b4 axb4 14. axb4 Nh5 15. h3 f5 16. b5 Nc5 17. bxc6 bxc6 18. Rb6 Qc7 19. Rb4 Qa5 20. Rb2 Nf4 21. Bf1 Be6 22. Be3 Nxe4 23. Nxe4 fxe4 24. Qxe4 Qa4 25. Rd6 Bd5 26. Qb1 Bxf3 27. gxf3 g5 28. Rb7 Qa1 29. Qxa1 Rxa1 30. Bxf4 exf4 31. Kg2 Rf6 32. Rdd7 Bf8 33. c5 Rc1 34. Bd3 Rxc5 35. Be4 Rd6 36. Rf7 Rb5 37. Bh7+ 1-0


[Site "https://www.chess.com"]

[Event "Titled Tuesday Blitz March 22 Early 2022"]
[White "Atakhan, Abtin"]
[Black "Rodrigue-Lemieux, Shawn"]
[WhiteFideId "22502203"]
[BlackFideId "2620049"]
[WhiteElo "2119"]
[BlackElo "1763"]
[Result "1-0"]
[Round "07"]
[TimeControl "180+1"]
[Date "2022.03.22"]
[WhiteClock "0:00:50"]
[BlackClock "0:00:32"]

1. c4 Nf6 2. g3 e6 3. Bg2 d5 4. Nf3 Be7 5. O-O O-O 6. b3 b6 7. Bb2 Bb7 8. e3 c5 9. Nc3 Nc6 10. cxd5 Nxd5 11. Nxd5 Qxd5 12. d4 Rad8 13. Ne5 Qd6 14. dxc5 Qxc5 15. Nd7 Qg5 16. h4 Qf5 17. e4 Qg6 18. Nxf8 Bxf8 19. Qc1 Bc5 20. Qf4 e5 21. Bxe5 Nxe5 22. Qxe5 h6 23. Rad1 Rc8 24. Bh3 Rf8 25. Bf5 Qc6 26. Rd7 g6 27. Be6 Bc8 28. Bxf7+ Rxf7 29. Qe8+ Rf8 30. Rg7+ Kxg7 31. Qxc6 Bh3 32. Qc7+ Rf7 33. Qe5+ Kh7 34. Rc1 h5 35. Rxc5 bxc5 36. Qxc5 Bg4 37. f4 Rd7 38. Kf2 Kg8 39. f5 gxf5 40. Qc8+ Rd8 41. Qxd8+ 1-0


[Site "https://www.chess.com"]

[Event "Titled Tuesday Blitz March 22 Early 2022"]
[White "Avazkhonov, Alikhon"]
[Black "Jaferian, Koosha"]
[WhiteFideId "14208504"]
[BlackFideId "12507440"]
[WhiteElo "1739"]
[BlackElo "2030"]
[Result "1-0"]
[Round "07"]
[TimeControl "180+1"]
[Date "2022.03.22"]
[WhiteClock "0:00:03"]
[BlackClock "0:00:08"]

1. c4 c5 2. Nc3 Nc6 3. g3 g6 4. Bg2 Bg7 5. e4 d6 6. Nge2 e5 7. O-O Nge7 8. d3 O-O 9. Be3 f5 10. f4 Be6 11. Qd2 fxe4 12. Nxe4 Nf5 13. Ng5 Bd7 14. Bd5+ Kh8 15. Nf7+ Rxf7 16. Bxf7 Nxe3 17. Qxe3 exf4 18. Qxf4 Ne5 19. Rad1 Bc6 20. Bd5 Bxd5 21. cxd5 Qb6 22. d4 cxd4 23. Nxd4 Rf8 24. Qe3 Rxf1+ 25. Rxf1 h5 26. Nc2 Qxb2 27. Qb3 Qxb3 28. axb3 Kg8 29. Nd4 Bh6 30. Nb5 Nf7 31. Kg2 a6 32. Nc7 Be3 33. Re1 Bc5 34. Ne6 Bb4 35. Rc1 Ne5 36. Rc8+ Kh7 37. Rc7+ Kh6 38. h4 Ng4 39. Nf8 Nf6 40. Rxb7 Bc5 41. Rf7 Bd4 42. Ne6 Be5 43. Ng5 Bd4 44. Kf3 Be5 45. Re7 Bd4 46. Rb7 Be5 47. b4 Bd4 48. Re7 Be5 49. Nf7+ Kg7 50. Nxe5+ Kf8 51. Nxg6+ Kg8 52. Rb7 Nxd5 53. Ne7+ Kf8 54. Nxd5 a5 55. bxa5 Ke8 56. a6 Kd8 57. a7 Kc8 58. a8=Q# 1-0


[Site "https://www.chess.com"]

[Event "Titled Tuesday Blitz March 22 Early 2022"]
[White "Baker, Chris W"]
[Black "Ladan, Nicholas"]
[WhiteFideId "401676"]
[BlackFideId "30918855"]
[WhiteElo "2284"]
[BlackElo "2167"]
[Result "1-0"]
[Round "07"]
[TimeControl "180+1"]
[Date "2022.03.22"]
[WhiteClock "0:00:14"]
[BlackClock "0:00:09"]

1. c4 Nf6 2. Nf3 c6 3. g3 d5 4. Bg2 Bg4 5. O-O Nbd7 6. d3 e6 7. Nbd2 Bd6 8. b3 a5 9. Bb2 O-O 10. h3 Bh5 11. cxd5 exd5 12. Nd4 Re8 13. Re1 Ne5 14. Qc2 Qb8 15. Nf5 Bf8 16. f4 Ned7 17. e4 Bg6 18. Kh2 Bxf5 19. exf5 Bd6 20. Nf3 h5 21. Rxe8+ Nxe8 22. Re1 f6 23. Re6 Nf8 24. Re2 Nc7 25. Qd1 Na6 26. Qd2 a4 27. Nd4 axb3 28. axb3 Nc5 29. b4 Na6 30. Bc3 Nc7 31. Qe1 Ra3 32. Nc2 Ra2 33. Nd4 Rxe2 34. Qxe2 Qe8 35. Qxe8 Nxe8 36. h4 Kf7 37. Bf3 g6 38. fxg6+ Kxg6 39. f5+ Kg7 40. Bxh5 Nc7 41. Be2 Be5 42. Bf1 b6 43. Ne2 c5 44. Bxe5 fxe5 45. bxc5 bxc5 46. Bg2 Nd7 47. g4 c4 48. dxc4 dxc4 49. g5 Nb5 50. Bc6 Nd4 51. Nxd4 exd4 52. Bxd7 c3 53. f6+ Kf7 54. Bf5 d3 55. Bxd3 Kg8 56. Kg3 Kf8 57. Kf4 Kg8 58. Kf5 Kf8 59. g6 c2 60. g7+ Kf7 61. Bxc2 Kg8 62. Bb3+ Kh7 63. Ke6 Kh6 64. Kf7 Kh5 65. g8=Q Kh6 66. Qg6# 1-0


[Site "https://www.chess.com"]

[Event "Titled Tuesday Blitz March 22 Early 2022"]
[White "Bashirli, Saadat"]
[Black "volunteers1998"]
[WhiteFideId "13429990"]
[WhiteElo "1173"]
[BlackElo "2237"]
[Result "0-1"]
[Round "07"]
[TimeControl "180+1"]
[Date "2022.03.22"]
[WhiteClock "0:00:02"]
[BlackClock "0:00:31"]

1. d4 f5 2. Bg5 h6 3. Bh4 c5 4. dxc5 g5 5. Bg3 f4 6. e3 Qa5+ 7. Nc3 fxg3 8. Qh5+ Kd8 9. O-O-O gxf2 10. Nf3 Nf6 11. Qf7 Qxc5 12. Nd4 d6 13. Bb5 Nc6 14. Bxc6 bxc6 15. Na4 Qd5 16. Qg6 Qxa2 17. Nc3 Qg8 18. Qd3 Bd7 19. Qa6 Rc8 20. Qa5+ Ke8 21. Nf5 Bg7 22. Ne2 Bxf5 23. Qxf5 Rb8 24. Nd4 Qf7 25. Nxc6 Ra8 26. Qb5 Nd7 27. Nd4 Bxd4 28. Rxd4 Qe6 29. Qc6 Qxe3+ 30. Rd2 Rb8 31. Rd1 Rf8 0-1


[Site "https://www.chess.com"]

[Event "Titled Tuesday Blitz March 22 Early 2022"]
[White "Batsiashvili, Nino"]
[Black "Al-Tarboush, Ward"]
[WhiteFideId "13602993"]
[BlackFideId "7601450"]
[WhiteElo "2192"]
[BlackElo "2276"]
[Result "0-1"]
[Round "07"]
[TimeControl "180+1"]
[Date "2022.03.22"]
[WhiteClock "0:00:02"]
[BlackClock "0:00:14"]

1. d4 b6 2. c4 Bb7 3. Nf3 e6 4. g3 Bb4+ 5. Nbd2 a5 6. Bg2 Nf6 7. O-O Bxd2 8. Qxd2 O-O 9. b3 a4 10. Bb2 Nc6 11. Ne5 Qc8 12. d5 Nxe5 13. Bxe5 Ne8 14. b4 d6 15. Bc3 e5 16. a3 f5 17. f4 e4 18. Rfc1 Qd7 19. c5 dxc5 20. bxc5 Qxd5 21. Qxd5+ Bxd5 22. cxb6 cxb6 23. Bd4 Rb8 24. Rab1 Bb3 25. e3 Nd6 26. Rc6 Nb5 27. Be5 Rbc8 28. Rxb6 Nxa3 29. R6xb3 axb3 30. Rxb3 Nc4 31. Bd4 Nd2 32. Rb7 Rc1+ 33. Kf2 Rfc8 34. Rxg7+ Kf8 35. Rb7 R8c2 36. Rb2 Nf3+ 37. Rxc2 Rxc2+ 38. Kf1 Rc1+ 39. Ke2 Rc2+ 40. Kf1 Nxh2+ 41. Kg1 Nf3+ 42. Kf1 Nxd4 43. exd4 Rd2 44. Bh3 e3 45. Bxf5 h5 46. Bg6 Rf2+ 47. Ke1 Rh2 48. d5 Ke7 49. f5 Kf6 50. d6 Rd2 51. Bxh5 Kxf5 52. Bf3 Ke6 53. g4 Kxd6 54. g5 Ke5 55. g6 Kf6 56. Be4 Rh2 57. Bd3 Ke5 58. Bf1 Rh6 59. Bd3 Kd4 0-1


[Site "https://www.chess.com"]

[Event "Titled Tuesday Blitz March 22 Early 2022"]
[White "Begunov, Konstantin"]
[Black "Goriatchkin, Jouri"]
[WhiteFideId "4118510"]
[BlackFideId "4120183"]
[WhiteElo "2262"]
[BlackElo "1585"]
[Result "1-0"]
[Round "07"]
[TimeControl "180+1"]
[Date "2022.03.22"]
[WhiteClock "0:00:20"]
[BlackClock "0:00:28"]

1. d4 d5 2. c4 dxc4 3. Nc3 e6 4. Nf3 Nf6 5. e4 c5 6. Bxc4 Nc6 7. d5 exd5 8. exd5 Ne7 9. O-O Nf5 10. Re1+ Be7 11. Bb5+ Bd7 12. Ne5 Bxb5 13. Nxb5 O-O 14. Qf3 Nd6 15. Nc3 a6 16. Bg5 Re8 17. a4 Nd7 18. Bxe7 Qxe7 19. Nd3 Qf6 20. Qxf6 gxf6 21. f3 Nc4 22. b3 Nce5 23. Nb2 Rad8 24. Nc4 Nxc4 25. bxc4 Ne5 26. Ne4 Kg7 27. Nd2 b5 28. axb5 axb5 29. cxb5 Rxd5 30. Nc4 Rb8 31. Ne3 Rd6 32. Nf5+ Kg6 33. Nxd6 c4 34. Rec1 Rb6 35. Nxc4 Nxc4 36. Rxc4 Rxb5 37. Ra6 Rb1+ 38. Kf2 Rb2+ 39. Kg3 h5 40. Rf4 Rb3 41. Rfxf6+ Kg7 42. Rfb6 Rc3 43. Rb7 Rc8 44. Raa7 Rf8 45. Kh4 Kg6 46. Rxf7 Rxf7 47. Rxf7 Kxf7 48. Kxh5 Kg7 49. g4 Kf7 50. f4 Kg7 51. f5 Kf7 52. g5 Kg7 53. g6 Kf6 54. Kh6 Kxf5 55. g7 Kg4 56. g8=Q+ Kh3 57. Qg3# 1-0


[Site "https://www.chess.com"]

[Event "Titled Tuesday Blitz March 22 Early 2022"]
[White "Bintang, Rasyid A. Hidayat"]
[Black "Stanisz, Patryk"]
[WhiteFideId "7105355"]
[BlackFideId "1123106"]
[WhiteElo "2377"]
[BlackElo "1876"]
[Result "1-0"]
[Round "07"]
[TimeControl "180+1"]
[Date "2022.03.22"]
[WhiteClock "0:00:44"]
[BlackClock "0:00:05"]

1. d4 Nf6 2. Bf4 d5 3. e3 c5 4. Nd2 Nc6 5. Ngf3 e6 6. c3 cxd4 7. exd4 Nh5 8. Bg5 f6 9. Be3 Bd6 10. g3 g6 11. Bg2 O-O 12. O-O Ng7 13. Re1 e5 14. dxe5 fxe5 15. Bg5 Qb6 16. Nb3 Be6 17. Qe2 Rae8 18. Rad1 a5 19. Be3 Qc7 20. Qb5 Nf5 21. Bb6 Qe7 22. Nxa5 e4 23. Nd4 Nfxd4 24. cxd4 Qf7 25. Rf1 Nb4 26. Bc5 Bxc5 27. dxc5 Nd3 28. Rxd3 exd3 29. Qxd3 Qc7 30. Nb3 Rd8 31. Nd4 Bf5 32. Nxf5 Rxf5 33. b4 b6 34. Rc1 bxc5 35. Rxc5 Qf7 36. Be4 Rxf2 37. Bxd5 Rxd5 38. Rxd5 Rf1+ 39. Qxf1 Qxd5 40. Qb1 Qd4+ 41. Kg2 Qd2+ 42. Kh3 Qh6+ 43. Kg4 Qh5+ 44. Kf4 Qxh2 45. Qb3+ Kg7 46. Qc3+ Kh6 47. Qe3 Qh3 48. Kf3+ Kg7 49. Qe7+ Kh6 50. Qh4+ Qxh4 51. gxh4 Kh5 52. Kg3 g5 53. hxg5 Kxg5 54. b5 Kf5 55. b6 Ke6 56. b7 1-0


[Site "https://www.chess.com"]

[Event "Titled Tuesday Blitz March 22 Early 2022"]
[White "Bodnar, Nikolay"]
[Black "Khamdamova, Afruza"]
[WhiteFideId "14106469"]
[BlackFideId "14210444"]
[WhiteElo "2296"]
[BlackElo "1660"]
[Result "1-0"]
[Round "07"]
[TimeControl "180+1"]
[Date "2022.03.22"]
[WhiteClock "0:00:40"]
[BlackClock "0:00:11"]

1. e4 e5 2. Nf3 Nf6 3. Nxe5 d6 4. Nf3 Nxe4 5. d4 d5 6. Bd3 Nc6 7. O-O Be7 8. Nbd2 Nd6 9. Re1 O-O 10. Nf1 Bg4 11. c3 Re8 12. Qb3 Bxf3 13. gxf3 Bg5 14. Rxe8+ Nxe8 15. f4 Bh6 16. Qxb7 Na5 17. Qb5 c6 18. Qa4 Nd6 19. Ng3 Qc7 20. Qc2 g6 21. f5 Bxc1 22. Rxc1 Re8 23. b3 Kg7 24. Qd2 Qe7 25. Qf4 Nab7 26. h4 c5 27. dxc5 Ne4 28. Bxe4 dxe4 29. b4 Nd8 30. Re1 Qf6 31. Rxe4 Rxe4 32. Nxe4 Qc6 33. f6+ Kg8 34. Qd6 Qe8 35. Qe7 Qf8 1-0


[Site "https://www.chess.com"]

[Event "Titled Tuesday Blitz March 22 Early 2022"]
[White "Bongo Akanga Ndjila, Barthelemy"]
[Black "Mikhalsky, Vladimir"]
[WhiteFideId "10609431"]
[BlackFideId "14144352"]
[WhiteElo "1803"]
[BlackElo "2301"]
[Result "0-1"]
[Round "07"]
[TimeControl "180+1"]
[Date "2022.03.22"]
[WhiteClock "0:01:50"]
[BlackClock "0:00:42"]

1. d4 Nf6 2. c4 g6 3. Nc3 Bg7 4. Nf3 O-O 5. e4 d6 6. Be2 e5 7. O-O Nc6 8. d5 Ne7 9. Ne1 Nd7 10. Be3 f5 11. f3 f4 12. Bf2 g5 13. Rc1 h5 14. b4 Ng6 15. c5 Nf6 16. cxd6 cxd6 17. Nb5 Rf7 18. a4 a6 19. Na3 g4 20. Nc4 g3 21. hxg3 fxg3 22. Bxg3 h4 23. Bf2 Bh6 24. Nb6 Rb8 25. Rxc8 Rxc8 26. Nxc8 Qxc8 27. Nd3 Nh5 28. Qe1 Rg7 29. Bxh4 Nxh4 30. Qxh4 Be3+ 31. Kh2 Nf4 32. Nxf4 Bxf4+ 33. Kg1 Be3+ 34. Rf2 Qc1+ 35. Bf1 Qc7 36. b5 Qb6 37. Qh5 Bxf2+ 38. Kh1 Rh7 0-1


[Site "https://www.chess.com"]

[Event "Titled Tuesday Blitz March 22 Early 2022"]
[White "Borodavkin, Anatoly"]
[Black "Mangialardo, Tiago Carvalho"]
[WhiteFideId "14150662"]
[BlackFideId "2130718"]
[WhiteElo "1845"]
[BlackElo "2089"]
[Result "1-0"]
[Round "07"]
[TimeControl "180+1"]
[Date "2022.03.22"]
[WhiteClock "0:00:32"]
[BlackClock "0:00:02"]

1. e4 e5 2. Nf3 Nc6 3. Bb5 a6 4. Ba4 Nf6 5. O-O Be7 6. d3 d6 7. c3 O-O 8. h3 b5 9. Bc2 Bb7 10. Be3 Na5 11. Nbd2 c5 12. Re1 Qc7 13. Nf1 Rac8 14. Ng3 Rfd8 15. a4 Nc6 16. axb5 axb5 17. Nf5 Bf8 18. Bg5 Be7 19. Qd2 c4 20. d4 d5 21. Nxe7+ Qxe7 22. exd5 Rxd5 23. Qe2 Re8 24. Be4 exd4 25. Bxd5 Qxe2 26. Rxe2 Rxe2 27. Nxd4 Nxd5 28. Nxb5 f6 29. Bh4 Rxb2 30. Nd6 Kf8 31. Nxc4 Rb3 32. Nd6 Nxc3 33. Kh2 Ne2 34. Re1 Nf4 35. Re8# 1-0


[Site "https://www.chess.com"]

[Event "Titled Tuesday Blitz March 22 Early 2022"]
[White "Boros, Denes"]
[Black "Krysa, Leandro"]
[WhiteFideId "722340"]
[BlackFideId "116807"]
[WhiteElo "2464"]
[BlackElo "2490"]
[Result "1-0"]
[Round "07"]
[TimeControl "180+1"]
[Date "2022.03.22"]
[WhiteClock "0:00:36"]
[BlackClock "0:00:14"]

1. e4 e5 2. Nf3 Nf6 3. Nc3 Nc6 4. d4 exd4 5. Nxd4 Bb4 6. Nxc6 bxc6 7. Bd3 O-O 8. O-O d5 9. exd5 cxd5 10. Qf3 Re8 11. Bg5 c6 12. Rae1 Rxe1 13. Rxe1 Be6 14. a3 Be7 15. Ne2 h6 16. Bh4 Bg4 17. Qe3 Bf8 18. Qd4 Bxe2 19. Rxe2 Qd6 20. Bg3 Qc5 21. Qa4 Nd7 22. h4 a5 23. Kh2 Rc8 24. Bf5 Qa7 25. c4 Ra8 26. Qxc6 Nf6 27. cxd5 Rd8 28. d6 Nh5 29. Re8 Qb8 30. d7 Nxg3 31. fxg3 g6 32. Qc8 1-0


[Site "https://www.chess.com"]

[Event "Titled Tuesday Blitz March 22 Early 2022"]
[White "Brodowski, Piotr"]
[Black "Shtyka, Sergey"]
[WhiteFideId "1124480"]
[BlackFideId "4138465"]
[WhiteElo "2422"]
[BlackElo "2014"]
[Result "0-1"]
[Round "07"]
[TimeControl "180+1"]
[Date "2022.03.22"]
[WhiteClock "0:00:39"]
[BlackClock "0:00:47"]

1. e4 c5 2. Nf3 d6 3. Bb5+ Nd7 4. Ba4 g6 5. O-O Bg7 6. Re1 Nf6 7. c3 O-O 8. d4 a6 9. h3 b5 10. Bc2 Bb7 11. a4 e5 12. Nbd2 exd4 13. cxd4 Re8 14. d5 c4 15. a5 Nc5 16. Ra3 Nfd7 17. Nf1 b4 18. Ra4 Nxa4 19. Bxa4 Re7 20. Bg5 f6 21. Bd2 Qxa5 22. Nd4 Nc5 23. Ng3 Qxa4 24. Qxa4 Nxa4 25. Bxb4 Nc5 26. Rc1 Nxe4 27. Re1 Rae8 0-1


[Site "https://www.chess.com"]

[Event "Titled Tuesday Blitz March 22 Early 2022"]
[White "Bryakin, Mikhail"]
[Black "Griffith, Kyron"]
[WhiteFideId "4165314"]
[BlackFideId "2046318"]
[WhiteElo "2417"]
[BlackElo "2232"]
[Result "0-1"]
[Round "07"]
[TimeControl "180+1"]
[Date "2022.03.22"]
[WhiteClock "0:00:47"]
[BlackClock "0:00:26"]

1. e4 c5 2. c4 Nc6 3. Nf3 g6 4. d4 cxd4 5. Nxd4 Bg7 6. Be3 Nf6 7. Nc3 O-O 8. Be2 d6 9. O-O Nxd4 10. Bxd4 Be6 11. b3 a6 12. Rc1 Qa5 13. f4 b5 14. cxb5 axb5 15. Bxb5 Nxe4 16. Bxg7 Kxg7 17. Qd4+ Nf6 18. Ba4 Rab8 19. h3 Rb4 20. Qe3 Rc8 21. Ne2 Re4 22. Qd3 Qb6+ 23. Kh2 Re3 24. Qb5 Qxb5 25. Bxb5 Rb8 26. Nd4 Bd5 27. Rfe1 e5 28. Nc6 Rxe1 29. Rxe1 Rxb5 30. fxe5 Bxc6 31. exf6+ Kxf6 32. Rd1 Rd5 33. Rc1 Rc5 34. Rd1 Ke5 35. Rd2 Be4 36. b4 Rc2 37. Rxc2 Bxc2 38. Kg3 Ba4 39. Kf2 Kd4 40. Kf3 f6 41. a3 d5 0-1


[Site "https://www.chess.com"]

[Event "Titled Tuesday Blitz March 22 Early 2022"]
[White "Chen, Qi b"]
[Black "Devaev, Alexander"]
[WhiteFideId "8614733"]
[BlackFideId "4169395"]
[WhiteElo "2432"]
[BlackElo "2185"]
[Result "1-0"]
[Round "07"]
[TimeControl "180+1"]
[Date "2022.03.22"]
[WhiteClock "0:00:19"]
[BlackClock "0:00:01"]

1. e4 c6 2. d4 d5 3. e5 Bf5 4. c4 e6 5. Nc3 Nd7 6. a3 Ne7 7. Nge2 h6 8. Ng3 Bg6 9. cxd5 cxd5 10. Bd3 Bxd3 11. Qxd3 Nc6 12. O-O Qb6 13. Be3 Be7 14. b4 O-O 15. f4 f5 16. exf6 Bxf6 17. Rad1 Bh4 18. f5 Bxg3 19. hxg3 Nf6 20. fxe6 Ne7 21. Rde1 Rac8 22. Na4 Qc6 23. Nc5 b6 24. b5 Qd6 25. Bf4 Qd8 26. Nb7 Qe8 27. Qd1 Rc3 28. Nd6 Qg6 29. Be5 Rxg3 30. Bxg3 Qg4 31. Qxg4 1-0


[Site "https://www.chess.com"]

[Event "Titled Tuesday Blitz March 22 Early 2022"]
[White "Chigaev, Maksim"]
[Black "Hakobyan, Aram"]
[WhiteFideId "4108116"]
[BlackFideId "13306677"]
[WhiteElo "2502"]
[BlackElo "2557"]
[Result "1/2-1/2"]
[Round "07"]
[TimeControl "180+1"]
[Date "2022.03.22"]
[WhiteClock "0:00:03"]
[BlackClock "0:00:03"]

1. d4 Nf6 2. c4 e6 3. Nf3 d5 4. g3 Be7 5. Bg2 O-O 6. O-O dxc4 7. Nc3 Nc6 8. e4 Rb8 9. Qe2 b5 10. Rd1 Nb4 11. b3 cxb3 12. axb3 a6 13. h4 Bb7 14. Bf4 Nh5 15. Bg5 Nf6 16. Rac1 h6 17. Bf4 Nh5 18. Be5 f6 19. Bh3 Bc8 20. Bg4 Qe8 21. Bxc7 Rb7 22. Ba5 Nc6 23. Na2 Nxa5 24. Rxc8 Qxc8 25. Bxh5 Nxb3 26. Bg6 Qc4 27. Qe3 Qc2 28. Rd3 Na5 29. Nc1 Rc8 30. Ne2 Nc4 31. Qf4 Qxd3 32. Qg4 Rb6 33. Nf4 Qd1+ 34. Kh2 Nd2 35. Bf7+ Kf8 36. Nxe6+ Rxe6 37. Qxe6 Nxf3+ 38. Kg2 Ne1+ 39. Kh3 Nc2 40. Bg6 Qh1+ 41. Kg4 Ne3+ 42. fxe3 Qd1+ 43. Kf4 Qf1+ 44. Kg4 Qd1+ 45. Kh3 Qh1+ 46. Kg4 Qd1+ 1/2-1/2


[Site "https://www.chess.com"]

[Event "Titled Tuesday Blitz March 22 Early 2022"]
[White "Ciolacu, Alessia-Mihaela"]
[Black "Suarez Uriel, Adrian"]
[WhiteFideId "1252640"]
[BlackFideId "22230874"]
[WhiteElo "1777"]
[BlackElo "2316"]
[Result "0-1"]
[Round "07"]
[TimeControl "180+1"]
[Date "2022.03.22"]
[WhiteClock "0:01:13"]
[BlackClock "0:02:16"]

1. Nf3 Nf6 2. c4 b6 3. b3 Bb7 4. Bb2 g6 5. g3 Bg7 6. Bg2 O-O 7. O-O e6 8. d4 Qe7 9. Nc3 c5 10. d5 exd5 11. cxd5 d6 12. Qc2 Nbd7 13. e4 a6 14. a4 Ng4 15. h3 Nge5 16. Nxe5 Nxe5 17. f4 Nd7 18. Rfe1 Rae8 19. e5 dxe5 20. d6 Qxd6 21. Bxb7 exf4 22. Ne4 Bd4+ 23. Kg2 Qc7 24. Bxd4 Qxb7 25. Kg1 cxd4 26. gxf4 Re6 27. Ng5 Rxe1+ 28. Rxe1 Nc5 29. Qc4 d3 30. f5 d2 31. Rd1 Qe7 32. Qf4 Qe1+ 33. Qf1 Qe3+ 34. Kh1 Qxg5 35. f6 Ne4 36. Qd3 Nf2+ 0-1


[Site "https://www.chess.com"]

[Event "Titled Tuesday Blitz March 22 Early 2022"]
[White "Coto Mederos, Michel"]
[Black "Koridze, Lile"]
[WhiteFideId "3508528"]
[BlackFideId "13612514"]
[WhiteElo "2427"]
[BlackElo "1999"]
[Result "1-0"]
[Round "07"]
[TimeControl "180+1"]
[Date "2022.03.22"]
[WhiteClock "0:01:13"]
[BlackClock "0:01:33"]

1. c4 e5 2. Nc3 Nf6 3. Nf3 Nc6 4. e4 Bc5 5. Nxe5 Nxe5 6. d4 Bxd4 7. Qxd4 Nc6 8. Qd1 d6 9. Be2 O-O 10. O-O Re8 11. f3 h6 12. Be3 Be6 13. Qd2 Nd7 14. Nd5 Nde5 15. Rad1 Ng6 16. b3 f5 17. Bd3 fxe4 18. Bxe4 Bf7 19. Rfe1 Nge5 20. Bb1 Qd7 21. Bxh6 gxh6 22. Nf6+ 1-0


[Site "https://www.chess.com"]

[Event "Titled Tuesday Blitz March 22 Early 2022"]
[White "Cramling Bellon, Anna"]
[Black "Marcziter, Dmitrii"]
[WhiteFideId "32009232"]
[BlackFideId "13900765"]
[WhiteElo "1905"]
[BlackElo "2155"]
[Result "0-1"]
[Round "07"]
[TimeControl "180+1"]
[Date "2022.03.22"]
[WhiteClock "0:00:01"]
[BlackClock "0:00:59"]

1. d4 Nf6 2. c4 g6 3. Nc3 Bg7 4. e4 d6 5. h3 O-O 6. Bg5 h6 7. Be3 Na6 8. Nf3 c5 9. d5 e6 10. Bd3 Re8 11. O-O Nc7 12. a4 exd5 13. exd5 a6 14. Nd2 Bf5 15. Bxf5 gxf5 16. Qc2 Qd7 17. a5 Rab8 18. Na4 Na8 19. Rfe1 b5 20. axb6 Nxb6 21. Nc3 Ra8 22. Nf3 Ne4 23. Nh4 Nxc4 24. Nxe4 Rxe4 25. Bxh6 Rxh4 26. Bxg7 Kxg7 27. Ra4 Qb5 28. b3 Re8 29. Rxe8 Qxe8 30. Rxc4 Qe1+ 31. Kh2 Qe5+ 32. Kg1 Rd4 33. Rxd4 cxd4 34. Qc4 Qe1+ 35. Kh2 Qxf2 36. Qxa6 Qf4+ 37. Kg1 Qe5 38. Qc4 Qe3+ 39. Kh2 d3 40. Qc3+ Kg6 41. Qc4 d2 42. Qc2 Qe5+ 0-1


[Site "https://www.chess.com"]

[Event "Titled Tuesday Blitz March 22 Early 2022"]
[White "Cupid, Kevin"]
[Black "Lakshmi C"]
[WhiteFideId "7700512"]
[BlackFideId "25035347"]
[WhiteElo "2096"]
[BlackElo "1775"]
[Result "1-0"]
[Round "07"]
[TimeControl "180+1"]
[Date "2022.03.22"]
[WhiteClock "0:00:26"]
[BlackClock "0:00:40"]

1. d4 Nf6 2. c4 g6 3. Nc3 Bg7 4. Bg5 d6 5. e3 h6 6. Bh4 Nbd7 7. Bd3 e5 8. Nge2 c6 9. a3 Qe7 10. b4 g5 11. Bg3 Nh5 12. d5 Nf8 13. dxc6 bxc6 14. Qa4 Bd7 15. Bf5 Ne6 16. O-O O-O 17. Qc2 Rfd8 18. Rad1 Bf8 19. Ne4 Bc8 20. c5 d5 21. Nd6 Qf6 22. Nxc8 Raxc8 23. Nc3 d4 24. Bxe6 Qxe6 25. exd4 exd4 26. Ne2 Bg7 27. Nc1 f5 28. Bd6 Qd5 29. Nd3 Nf6 30. Be5 Ne4 31. Bxg7 Kxg7 32. Rde1 Re8 33. f4 Nc3 34. Ne5 gxf4 35. Qxf5 Rf8 36. Qg6+ Kh8 37. Qxh6+ Kg8 38. Qg6+ Kh8 39. Rf3 1-0


[Site "https://www.chess.com"]

[Event "Titled Tuesday Blitz March 22 Early 2022"]
[White "Dahlgren, James Allen"]
[Black "Christensen, Thomas"]
[WhiteFideId "22256873"]
[BlackFideId "1403532"]
[WhiteElo "2100"]
[BlackElo "2269"]
[Result "1-0"]
[Round "07"]
[TimeControl "180+1"]
[Date "2022.03.22"]
[WhiteClock "0:00:17"]
[BlackClock "0:00:01"]

1. d3 Nc6 2. f4 e5 3. Nf3 d5 4. Nc3 d4 5. Ne4 Bd6 6. fxe5 Bxe5 7. Nxe5 Nxe5 8. e3 Bg4 9. Be2 Bxe2 10. Qxe2 dxe3 11. Bxe3 Qd5 12. Nc3 Qe6 13. O-O-O O-O-O 14. Bf4 Nxd3+ 15. Rxd3 Nf6 16. Qxe6+ fxe6 17. Re1 Rhe8 18. Rxd8+ Kxd8 19. Ne4 Nd5 20. Bg5+ Kc8 21. c4 Nb4 22. Rd1 Nxa2+ 23. Kc2 Nb4+ 24. Kb3 Nc6 25. Bf4 e5 26. Be3 Na5+ 27. Kc3 Nc6 28. b4 a6 29. Nc5 Ne7 30. Rf1 Ng6 31. Rf7 Re7 32. Rxe7 Nxe7 33. Kd3 Ng6 34. Ke4 b6 35. Nxa6 Kb7 36. b5 c5 37. g3 Ka7 38. Kf5 Kb7 39. h4 Ne7+ 40. Kxe5 Ng6+ 41. Kf5 Kc8 42. h5 Ne7+ 43. Ke6 Ng8 44. Kf7 Nf6 45. h6 Ne4 46. hxg7 Kb7 47. g8=Q Nf6 48. Qb8# 1-0


[Site "https://www.chess.com"]

[Event "Titled Tuesday Blitz March 22 Early 2022"]
[White "Danilenko, Dmitriy"]
[Black "Agasarov, Benik"]
[WhiteFideId "14120844"]
[BlackFideId "13314823"]
[WhiteElo "2606"]
[BlackElo "2555"]
[Result "1/2-1/2"]
[Round "07"]
[TimeControl "180+1"]
[Date "2022.03.22"]
[WhiteClock "0:00:04"]
[BlackClock "0:00:07"]

1. e4 e5 2. Nf3 Nc6 3. Nc3 Nf6 4. a3 d5 5. exd5 Nxd5 6. Nxe5 Nxc3 7. Nxc6 Nxd1 8. Nxd8 Nxf2 9. Kxf2 Bc5+ 10. Kf3 Kxd8 11. Bc4 Be6 12. Bxe6 fxe6 13. d4 Rf8+ 14. Ke2 Bd6 15. Be3 Kd7 16. Rad1 b5 17. d5 exd5 18. Rxd5 Kc6 19. Rg5 Rf7 20. c4 bxc4 21. Rc1 Re8 22. Rxc4+ Kd7 23. Rd5 Rfe7 24. Rd3 Rb8 25. b4 a6 26. Kd2 Rbe8 27. h3 Re4 28. Rxe4 Rxe4 29. Bd4 g6 30. Kc3 Kc6 31. Rf3 Kd5 32. Ba7 a5 33. bxa5 Ra4 34. Kb2 Rxa5 35. Bf2 Ra4 36. Rd3+ Kc6 37. Rc3+ Kb7 38. Rb3+ Ka6 39. Be3 Re4 40. Rd3 Be5+ 41. Kb3 c6 42. a4 Bc7 43. Bc5 Re5 44. Rc3 Ba5 45. Rc2 Rd5 46. Bf2 Rd3+ 47. Kc4 Ra3 48. Kc5 Rxa4 49. Kxc6 Rf4 50. Bc5 Rf6+ 51. Kd5 Rf5+ 52. Ke6 Kb5 53. Bd4 Bb4 54. Rc8 Rf4 55. Be5 Rf5 56. g4 Rf3 57. h4 Rh3 58. Bf6 Rf3 59. Rc7 Bc5 60. Rxh7 Kc4 61. h5 gxh5 62. gxh5 Re3+ 63. Kf5 Kd5 64. Rd7+ Bd6 65. h6 Rf3+ 66. Kg6 Ke6 67. h7 Rxf6+ 68. Kg7 Be5 69. h8=Q Rf3+ 70. Kg8 Rg3+ 71. Rg7 Rxg7+ 72. Qxg7 Bxg7 1/2-1/2


[Site "https://www.chess.com"]